 Dungeon Crawl Stone Soup version 0.24.1-4-ge52af88ad5 (webtiles) character file.

Game seed: 12966332263450780546, levelgen mode: deterministic

45 Jakon the Shooter (level 3, -3/45 HPs)
             Began as a Centaur Hunter on Apr 15, 2020.
             Slain by an adder (5 damage)
             ... on level 2 of the Dungeon on Apr 16, 2020.
             The game lasted 00:07:14 (1255 turns).

Jakon the Shooter (Centaur Hunter)                  Turns: 1255, Time: 00:07:14

Health: -3/45      AC:  4    Str: 19    XL:     3   Next: 42%
Magic:  3/3        EV:  9    Int: 10    God:
Gold:   114        SH:  0    Dex: 10    Spells: 2/2 levels left

rFire    . . .     SeeInvis .   b - +0 short sword
rCold    . . .     Gourm    .   (no shield)
rNeg     . . .     Faith    .   c - +0 leather armour
rPois    .         Spirit   .   (no helmet)
rElec    .         Reflect  .   (no cloak)
rCorr    .         Harm     .   (no gloves)
MR       .....                  (no barding)
Stlth    ..........             (no amulet)
HPRegen  0.15/turn              (no ring)
MPRegen  0.08/turn              (no ring)

@: berserking, lethally poisoned (-3 -> -8), very quick
A: large, hooves 3, deformed body, speed 2, tough skin 3
a: no special abilities


You were on level 2 of the Dungeon.
You were not hungry.

You visited 1 branch of the dungeon, and saw 2 of its levels.

You collected 114 gold pieces.

Inventory:

Hand Weapons
 a - a +1 shortbow
 b - a +0 short sword (weapon)
Missiles
 d - 14 arrows
Armour
 c - a +0 leather armour (worn)
Scrolls
 h - a scroll of remove curse {unknown}
 i - a scroll of immolation {unknown}
 j - a scroll of amnesia {unknown}
 k - a scroll of fear {unknown}
 l - 2 scrolls of identify {unknown}
 n - a scroll of enchant armour {unknown}
 o - 2 scrolls of magic mapping {unknown}
 p - 3 scrolls of fog {unknown}
Potions
 e - a potion of berserk rage
 m - a potion of degeneration {unknown}
 q - a potion of brilliance {unknown}
 r - a potion of resistance {unknown}
 s - a potion of agility {unknown}
 t - a potion of flight {unknown}
Comestibles
 f - 2 rations
 g - 2 chunks of flesh


   Skills:
 + Level 2.4 Fighting
 + Level 6.6 Bows
 + Level 1.4 Dodging
 + Level 0.4 Stealth


You had 2 spell levels left.
You didn't know any spells.
Your spell library was empty.

Dungeon Overview and Level Annotations

Branches:
Dungeon (2/15)

Altars:
Fedhas
Nemelex Xobeh
The Shining One


Innate Abilities, Weirdness & Mutations

You have hooves in place of feet.
Armour fits poorly on your strangely shaped body.
You cover ground very quickly.
You have extremely tough skin. (AC +3)


Message History

* * * LOW HITPOINT WARNING * * *
You feel sick. The adder bites you.
* * * LOW HITPOINT WARNING * * *
* * * LOW HITPOINT WARNING * * *
You feel sick.
There is a transporter here.
You enter the transporter and appear at another place.
The hound bites you but does no damage. The adder completely misses you.
The hound misses you.
It was a potion of berserk rage.
A red film seems to cover your vision as you go berserk!
You feel yourself moving faster!
You feel mighty!
* * * LOW HITPOINT WARNING * * *
You feel sick. The adder completely misses you. The hound bites you.
* * * LOW HITPOINT WARNING * * *
You are too berserk!
b - a +0 short sword (weapon)
You feel a strong urge to attack something.
The adder bites you.
You die...

# ###### .#
▓⌠...⌠▓ #. #
▓.$.$.▓ .. .##
▓..8..▓ # ..#
▓.[%..▓ # .# #.##
▓⌠...⌠▓ ##.#
##.##▓▓▓▓▓▓▓ ...#
#...#....S§# ...#
#...'...._@# ...#
#...#....h§# ...#
#...#▓▓▓▓▓▓▓ ...#
#...#▓⌠.(.⌠▓ ...#
###.#▓...(.▓
...######.#▓§...©▓
####..÷..(#▓.....▓
#.######▓⌠...⌠▓
####.# ▓▓▓▓▓▓▓


You could see a hound and an adder.

Vanquished Creatures
  An ooze (D:2)
  A dart slug (D:2)
  6 bats
  4 hobgoblins
  4 jackals (D:1)
  3 kobolds
  A quokka (D:2)
  3 frilled lizards
  5 goblins
  9 rats (D:1)
37 creatures vanquished.

Notes
Turn   | Place    | Note
-------+----------+-------------------------------------------
     0 | D:1      | Jakon the Centaur Hunter began the quest for the Orb.
     0 | D:1      | Reached XP level 1. HP: 17/17 MP: 1/1
     4 | D:1      | Noticed a black mamba
   146 | D:1      | Reached XP level 2. HP: 24/24 MP: 2/2
   315 | D:1      | Reached skill level 6 in Bows
   532 | D:1      | Noticed a black mamba
   628 | D:2      | Reached XP level 3. HP: 30/30 MP: 3/3
  1090 | D:2      | Found a blossoming altar of Fedhas.
  1091 | D:2      | Found a glowing golden altar of the Shining One.
  1224 | D:2      | Found a sparkling altar of Nemelex Xobeh.
  1224 | D:2      | Found a transporter.
  1254 | D:2      | HP: 2/45 [hound (1)]
  1255 | D:2      | Slain by an adder

Levels and vault maps discovered:
D:1:      sevenhm_arrival_forest_fort_small_2, layout_rooms
D:2:      layout_loops_cross, gammafunk_temple_overflow_statue,
          grunt_nemelex_the_gamble

Skill      XL: |  1  2 |
---------------+-------+-----
Bows           | 6 |  6.6
Fighting       | |  2.4
Dodging        | |  1.4
Stealth        | |  0.4

Action                   || total
-------------------------++-------
 Fire: Shortbow          ||   106
  Use: Potion            ||     1
Armor: Leather armour    ||    25
Dodge: Dodged            ||    24
